 Dungeon Crawl Stone Soup version 0.30-a0-748-ge6a52f7cba (webtiles) character file.

Game seed: 9205059413076614831

109 Dittersdorf the Covered (level 4, -5/29 HPs)
             Began as a Gargoyle Fighter on Feb 8, 2023.
             Slain by an ogre
             ... wielding a +0 giant spiked club
              (27 damage)
             ... on level 3 of the Dungeon.
             The game lasted 00:02:38 (2671 turns).

Dittersdorf the Covered (Gargoyle Fighter)          Turns: 2671, Time: 00:02:38

Health: -5/29      AC: 13    Str: 22    XL:     4   Next: 90%
Magic:  4/4        EV:  9    Int:  8    God:
Gold:   181        SH:  4    Dex:  9    Spells: 3/3 levels left

rFire   . . .      SeeInvis .    a - +0 flail
rCold   . . .      Faith    .    c - +0 buckler
rNeg    + . .      Spirit   .    b - +0 scale mail
rPois   ∞          Reflect  .    (no helmet)
rElec   +          Harm     .    (no cloak)
rCorr   .          Rampage  .    p - +2 pair of gloves {Stlth+}
Will    .....                    (no boots)
Stlth   +                        m - amulet of the acrobat
HPRegen 0.24/turn                (no ring)
MPRegen 0.09/turn                (no ring)

@: no status effects
A: sickness immunity, AC +3, negative energy resistance 1, electricity
resistance, torment resistance 1, petrification resistance
a: no special abilities


You were on level 3 of the Dungeon.
You visited 1 branch of the dungeon, and saw 4 of its levels.

You collected 181 gold pieces.

Inventory:

Hand Weapons
 a - a +0 flail (weapon)
Armour
 b - a +0 scale mail (worn)
 c - a +0 buckler (worn)
 p - a +2 pair of gloves of stealth (worn)
Jewellery
 m - an amulet of the acrobat (around neck)
Scrolls
 g - a scroll of enchant weapon {unknown}
 i - a scroll of enchant armour {unknown}
 j - 3 scrolls of teleportation {unknown}
 o - a scroll of poison {unknown}
 q - a scroll of blinking {unknown}
 r - a scroll of immolation {unknown}
 s - a scroll of identify {unknown}
Potions
 d - a potion of might
 f - 2 potions of curing {unknown}
 h - 2 potions of attraction {unknown}
 k - 3 potions of degeneration {unknown}
 l - a potion of cancellation {unknown}
 n - a potion of mutation {unknown}
 t - a potion of lignification {unknown}


   Skills:
 + Level 4.1 Fighting
 + Level 2.9 Maces & Flails
 + Level 4.1 Armour
 + Level 4.1 Shields


You had 3 spell levels left.
You didn't know any spells.
Your spell library contained the following spells:

 Spells                   Type           Power      Damage    Failure   Level
 Inner Flame              Hex/Fire       0%         N/A       99%         3
 Ozocubu's Armour         Ice            0%         N/A       99%         3
 Flame Wave               Conj/Fire      0%         2d4       100%        4
 Sticky Flame             Conj/Fire      0%         2d3       100%        4
 Metabolic Englaciation   Hex/Ice        0%         N/A       100%        5
 Simulacrum               Ice/Necr       0%         N/A       100%        6
 Ozocubu's Refrigeration  Ice            0%         4d7       100%        7


Dungeon Overview and Level Annotations

Branches:
Dungeon (4/15)
 Temple: D:4-7

Altars:
Elyvilon
Gozag


Innate Abilities, Weirdness & Mutations

You are immune to sickness and miasma.
Your stone body is resilient. (AC +3)
You are immune to poison.
You resist negative energy. (rN+)
You are resistant to electric shocks. (rElec)
You are resistant to unholy torment.
You are immune to petrification.


Message History

There is a stone staircase leading down here.
There is an open door here.
There is an open door here.
There is an open door here.
There is a stone staircase leading down here.
You climb downwards.
There is a stone staircase leading up here.
Throw: 5 darts (poison)
Press: ? - help, Q - select action Shift-Dir - straight line, f - ogre
Aim: an ogre, wielding a +0 giant club (72% to hit)
You throw a poisoned dart. The poisoned dart hits the ogre.
The ogre is poisoned.
Throw: 4 darts (poison)
Press: ? - help, Q - select action Shift-Dir - straight line, f/p - ogre
Aim: an ogre, wielding a +0 giant club (poisoned, 72% to hit)
You throw a poisoned dart. The poisoned dart hits the ogre.
Throw: 3 darts (poison)
Press: ? - help, Q - select action Shift-Dir - straight line, f/p - ogre
Aim: an ogre, wielding a +0 giant club (lightly wounded, poisoned, 72% to hit)
You throw a poisoned dart. The poisoned dart hits the ogre.
The ogre looks even sicker.
The ogre is lightly wounded.
Throw: 2 darts (poison)
Press: ? - help, Q - select action Shift-Dir - straight line, f/p - ogre
Aim: an ogre, wielding a +0 giant club (lightly wounded, very poisoned, 72% to hit)
You throw a poisoned dart. The poisoned dart hits the ogre.
The ogre is lightly wounded.
You climb upwards.
There is a stone staircase leading down here.
Throw: dart (poison)
Press: ? - help, Q - select action Shift-Dir - straight line, f - ogre
Aim: an ogre, wielding a +0 giant spiked club (72% to hit)
You throw a poisoned dart. The poisoned dart hits the ogre.
The ogre is poisoned.
The ogre hits you with a +0 giant spiked club!
You thump the ogre!
The ogre is heavily wounded.
The ogre hits you with a +0 giant spiked club!!
Ouch! That really hurt!
You die...

#.# #..............###.#
#.# ##.....###.###.....##
#.# ##.#.## #..........#
#.######[#.# #....#####.##
#..........# #.#..#...#..#
########'### #.#...#...#.#
##...## #.#..#...#..#
##.....## #O##.#####..# #
##.......###.@.........#
####.........####.........#
...'.........'..........###
####.........###)...###.# #
##.......####....###.#
##........##.....##.#
##.###'''###....##.#
###.......#....##.#
#.PPPPP.#....##.#


You could see an ogre (poisoned).

Vanquished Creatures
  3 adders
  4 worms
  A dart slug (D:3)
  4 endoplasms
  5 giant cockroaches
  2 goblins
  9 hobgoblins
  6 jackals
  9 ball pythons
  5 bats
  4 frilled lizards
  9 kobolds
  3 rats
64 creatures vanquished.

Notes
Turn   | Place    | Note
-------+----------+-------------------------------------------
     0 | D:1      | Dittersdorf the Gargoyle Fighter began the quest for the
                  | Orb.
     0 | D:1      | Reached XP level 1. HP: 14/14 MP: 1/1
   118 | D:1      | Reached XP level 2. HP: 19/19 MP: 2/2
   175 | D:1      | Found a faded altar of an unknown god.
   466 | D:1      | Reached XP level 3. HP: 23/23 MP: 3/3
  1115 | D:2      | Found an opulent altar of Gozag.
  1303 | D:2      | Reached XP level 4. HP: 29/29 MP: 4/4
  2367 | D:3      | Identified the +0 hand axe of Hiomuib {drain, rPois rC+
                  | Int+3 Dex+2}
  2513 | D:3      | Found a white marble altar of Elyvilon.
  2616 | D:4      | Noticed an ogre
  2616 | D:4      | Noticed an ogre
  2671 | D:3      | Slain by an ogre

Illustrated notes

Levels and vault maps discovered:
D:1:      ncdulo_wetmaze, layout_loops_ring, hellmonk_ecumenical_altar_run_dry,
          minmay_misc_feat_four_crosses
D:2:      layout_basic, basic_altar, minmay_octomino_c4
D:3:      layout_loops_corners, mainiacjoe_overflow_alcove_4, minmay_distorted
D:4:      layout_rooms, amcnicky_altar_gilded, serial_shops, shop, shop,
          abandoned_shop

Skill      XL: |  1  2  3  4 |
---------------+-------------+-----
Fighting       | 4 |  4.1
Armour         | 4 |  4.1
Shields        | 4 |  4.1
Maces & Flails | |  2.9

Action                     |  1- 3 |  4- 6 || total
---------------------------+-------+-------++-------
  Melee: Flail             |   143 |    95 ||   238
  Throw: Dart              |       |     5 ||     5
 Armour: Scale mail        |   104 |    71 ||   175
  Dodge: Dodged            |    97 |    61 ||   158
  Block: Buckler           |    49 |    28 ||    77

Table legend: (Time is in decaauts)
 A = Elapsed time spent in this place.
 B = Non-inter-level travel time spent in this place.
 C = Inter-level travel time spent in this place.
 D = Time resting spent in this place.
 E = Time spent auto-exploring this place.
 F = Levels seen in this place.
 G = Mean time per level.
                   A        B        C        D        E       F      G
               +--------+--------+--------+--------+--------+-----+--------+
         Total |   2757 |   2623 |    134 |     96 |   1975 |   4 |  689.2 |
       Dungeon |   2757 |   2623 |    134 |     96 |   1975 |   4 |  689.2 |
               +--------+--------+--------+--------+--------+-----+--------+

Top non-repeatable levels by time:
     D:3: 1044 daAuts
     D:1: 859 daAuts
     D:2: 845 daAuts
     D:4: 8 daAuts
